 Dungeon Crawl Stone Soup version 0.31-a0-845-g9abc20d24f (webtiles) character file.

Game seed: 5295147070785989953

74 Turgor the Sneak (level 4, 0/40 HPs)
             Began as an Armataur Delver on Oct 2, 2023.
             Was a Follower of Cheibriados.
             Killed by nerve-wracking pain
             ... invoked by an orc priest
              (13 damage)
             ... on level 3 of the Dungeon.
             The game lasted 00:07:32 (1853 turns).

Turgor the Sneak (Armataur Delver)                  Turns: 1853, Time: 00:07:32

Health: 0/40       AC:  5    Str: 21    XL:     4   Next: 10%
Magic:  4/4        EV:  9    Int: 18    God:    Cheibriados [*.....]
Gold:   130        SH:  0    Dex: 14    Spells: 3/3 levels left

rFire   . . .        a - +0 mace
rCold   . . .        (no shield)
rNeg    . . .        p - +0 ring mail
rPois   .            (no helmet)
rElec   .            (no cloak)
rCorr   .            (no gloves)
SInv    .            (no barding)
Will    +....        (no amulet)
Stlth   ++           q - ring of willpower
HPRegen 0.26/turn    s - +6 ring of intelligence
MPRegen 0.09/turn

%: roll
@: very slow
A: large, rugged brown scales 3, deformed body, armoured tail, roll, long
tongue, awkward tongue
a: Renounce Religion, Bend Time


You were on level 3 of the Dungeon.
You worshipped Cheibriados.
Cheibriados was aware of your devotion.
You visited 1 branch of the dungeon, and saw 5 of its levels.

You collected 130 gold pieces.

Inventory:

Hand Weapons
 a - a +0 mace (weapon)
Armour
 b - a +0 leather armour
 p - a +0 ring mail (worn)
Jewellery
 q - a ring of willpower (left hand)
 s - a +6 ring of intelligence (right hand)
Wands
 g - a wand of digging (3)
Scrolls
 c - 2 scrolls of fog
 d - a scroll of revelation
 e - 2 scrolls of fear
 f - a scroll of enchant armour {unknown}
 i - a scroll of vulnerability {unknown}
 j - a scroll of enchant weapon {unknown}
 r - a scroll of teleportation {unknown}
Potions
 k - 2 potions of invisibility
 l - 2 potions of enlightenment
 m - 2 potions of mutation {unknown}
 n - a potion of might {unknown}
 o - a potion of heal wounds {unknown}
 t - a potion of degeneration {unknown}


   Skills:
 + Level 3.3 Fighting
 * Level 3.1 Maces & Flails
 - Level 1.3 Dodging
 + Level 5.9 Stealth


You had 3 spell levels left.
You didn't know any spells.
Your spell library was empty.

Dungeon Overview and Level Annotations

Branches:
Dungeon (5/15)
 Temple: D:4-7

Altars:
Cheibriados
Gozag

Shops:
D:1 (


Innate Abilities, Weirdness & Mutations

You are completely covered in rugged brown scales. (AC +3, +7% HP)
Armour fits poorly on your strangely shaped body.
You have a long armoured tail.
You roll when moving toward enemies. (Rampage)
Your long tongue fully drains potion bottles. (2x potion effects)
Your tongue gives you trouble enunciating. (1.5x scroll delay)


Message History

You now have 124 gold pieces (gained 1).
You now have 125 gold pieces (gained 1).
Found an opulent altar of Gozag.
You now have 126 gold pieces (gained 1).
You now have 127 gold pieces (gained 1).
You now have 128 gold pieces (gained 1).
You now have 129 gold pieces (gained 1).
You now have 130 gold pieces (gained 1).
An orc comes into view. It is wielding a +0 whip.
You roll towards the orc!
An orc priest comes into view. It is wielding a +0 falchion.
The orc priest shouts!
You barely miss the orc. The orc barely misses you.
You hit the orc.
The orc is heavily wounded.
The orc closely misses you.
The orc priest mumbles some strange prayers to Beogh against you.
Beogh smites you!
You closely miss the orc.
You tail-slap the orc, but do no damage.
The orc is heavily wounded.
The orc closely misses you. The orc barely misses you.
You closely miss the orc.
The orc is heavily wounded.
The orc hits you but does no damage.
You closely miss the orc.
The orc is heavily wounded.
The orc hits you but does no damage.
You hit the orc.
The orc is almost dead.
The orc hits you with a +0 whip.
You hit the orc.
You kill the orc!
Cheibriados appreciates the change of pace.
The orc priest invokes the aid of Beogh against you.
Beogh smites you!
The orc priest casts a cantrip, but nothing happens.
The orc priest mumbles some strange prayers to Beogh against you.
Pain shoots through your body!
You die...

.......~~~~.# .~~~~~.~~≈~.#.
.~≈≈≈≈.≈≈≈~...o######
.~≈≈≈≈.~≈≈~....o@...#
.~~~~~.~~~~.#..####.#
.............. #.#
#.....######.####.## #.#
###......># #.# ..........#
####.##### ###....##.########
.........#.# #..........#..8#
####....#..###............._#


You could see 2 orc priests.

Vanquished Creatures
  2 adders
  2 dart slugs (D:1)
  An orc (D:3)
  6 ball pythons
  5 endoplasms
  2 giant cockroaches (D:1)
  4 goblins
  8 hobgoblins
  4 jackals (D:1)
  2 kobolds (D:1)
  A quokka (D:1)
  3 bats (D:1)
  2 frilled lizards
  5 rats (D:1)
47 creatures vanquished.

Notes
Turn   | Place    | Note
-------+----------+-------------------------------------------
     0 | D:5      | Turgor the Armataur Delver began the quest for the Orb.
     0 | D:5      | Reached XP level 1. HP: 19/19 MP: 1/1
    15 | D:4      | Reached XP level 2. HP: 21/26 MP: 2/2
   134 | D:4      | Noticed a phantom
   345 | D:1      | Found Qocopoz's Weapon Shoppe.
   398 | D:1      | Reached XP level 3. HP: 33/33 MP: 3/3
  1397 | D:2      | Reached XP level 4. HP: 40/40 MP: 4/4
  1420 | D:2      | Found a faded altar of an unknown god.
  1427 | D:2      | Prayed at the altar of an unknown god.
  1427 | D:2      | Became a worshipper of Cheibriados the Contemplative
  1427 | D:2      | Reached * piety under Cheibriados
  1820 | D:3      | Found an opulent altar of Gozag.
  1853 | D:3      | Killed from afar by an orc priest

Illustrated notes

Levels and vault maps discovered:
D:1:      nicolae_arrival_memento_mori, layout_basic, serial_shops,
          nicolae_shop_bloodbath_and_beyond, serial_forest,
          infiniplex_forest_end_2, infiniplex_forest_clump_double,
          infiniplex_forest_zigzag_2, infiniplex_forest_straight_3,
          minmay_pentomino_q4
D:2:      layout_basic, nicolae_ecumenical_snake_handling
D:3:      layout_loops_ring, nicolae_dithmenos_through_a_glass_darkly,
          xom_teletrap_fun, lemuel_coloured_pillars_altar,
          grunt_gozag_breadcrumbs, minmay_misc_feat_pillars,
          minmay_misc_feat_five, minivault_14, minmay_misc_feat_diagonals
D:4:      layout_rooms, nzn_wu_jian_contemplation, minmay_temple_entry_wispy,
          serial_forest, infiniplex_forest_straight_5, infiniplex_forest_join,
          infiniplex_forest_3_way, infiniplex_forest_clump_small,
          infiniplex_forest_straight_4, infiniplex_forest_lined_2,
          infiniplex_forest_straight_2, infiniplex_forest_zigzag_1,
          infiniplex_forest_straight_2, infiniplex_forest_straight_2,
          uniq_grinder
D:5:      wad_pebble_path, layout_basic, lemuel_doored_altar

Skill      XL: |  1  2  3 |
---------------+----------+-----
Maces & Flails | 2 3 |  3.1
Fighting       | 3 |  3.3
Dodging        | |  1.3
Stealth        | |  5.9

Action                     |  1- 3 |  4- 6 || total
---------------------------+-------+-------++-------
  Melee: Mace              |   100 |    16 ||   116
         Tailslap          |     6 |     2 ||     8
         Punch             |     1 |       ||     1
    Use: Scroll            |       |     2 ||     2
   Stab: Sleeping          |     8 |     2 ||    10
         Distracted        |     1 |       ||     1
 Armour: Leather armour    |    76 |       ||    76
         Ring mail         |    11 |     6 ||    17
  Dodge: Dodged            |    44 |     6 ||    50

Table legend: (Time is in decaauts)
 A = Elapsed time spent in this place.
 B = Non-inter-level travel time spent in this place.
 C = Inter-level travel time spent in this place.
 D = Time resting spent in this place.
 E = Time spent auto-exploring this place.
 F = Levels seen in this place.
 G = Mean time per level.
                   A        B        C        D        E       F      G
               +--------+--------+--------+--------+--------+-----+--------+
         Total |   2027 |   1979 |     48 |     28 |   1488 |   5 |  405.4 |
       Dungeon |   2027 |   1979 |     48 |     28 |   1488 |   5 |  405.4 |
               +--------+--------+--------+--------+--------+-----+--------+

Top non-repeatable levels by time:
     D:1: 943 daAuts
     D:2: 768 daAuts
     D:3: 159 daAuts
     D:4: 151 daAuts
     D:5: 5 daAuts
